 Dungeon Crawl Stone Soup version 0.28-a0-793-g31680bbd8b (webtiles) character file.

Game seed: 3362168852225339098

0 spiderkeys the Ducker (level 1, -3/10 HPs)
             Began as a Felid Abyssal Knight on Nov 4, 2021.
             Was a Follower of Lugonu.
             Slain by a thrashing horror (5 damage)
             ... on level 2 of the Abyss.
             The game lasted 00:01:25 (297 turns).

spiderkeys the Ducker (Felid Abyssal Knight)         Turns: 297, Time: 00:01:26

Health: -3/10      AC:  1    Str:  9    XL:     1   Next: 0%
Magic:  3/3        EV: 18    Int:  9    God:    Lugonu [*.....]
Gold:   17         SH:  0    Dex: 16    Spells: 0/0 levels left
                                        Lives:  0   Deaths: 0

rFire   . . .      SeeInvis +     - Unarmed
rCold   . . .      Faith    .   (shield unavailable)
rNeg    . . .      Spirit   .   (armour unavailable)
rPois   .          Reflect  .   (helmet unavailable)
rElec   .          Harm     .   (cloak unavailable)
rCorr   .          Rampage  .   (gloves unavailable)
Will    .....                   (boots unavailable)
Stlth   +.........              (no amulet)
HPRegen 0.00/turn               (no ring)
MPRegen 0.08/turn               (no ring)

@: sick, quick
A: very small, claws 1, fangs 3, see invisible, speed 1, shaggy fur 1, stealthy
paws, no weapons or thrown items, no armour, multi-lived, dopey 1
a: Renounce Religion, Depart the Abyss


You were on level 2 of the Abyss.
You worshipped Lugonu.
Lugonu was aware of your devotion.
You visited 0 branches of the dungeon, and saw 0 of its levels.
You visited the Abyss 1 time.

You collected 17 gold pieces.


Innate Abilities, Weirdness & Mutations

You have sharp claws.
You have razor-sharp teeth.
You have supernaturally acute eyesight. (SInv)
You cover ground quickly. (Speed+)
You are covered in fur. (AC +1)
Your paws help you pounce on unaware monsters.
You are incapable of wielding weapons or throwing items.
You cannot wear armour.
You gain extra lives every three experience levels.
You are dopey. (Int -2)


   Skills:
 + Level 3.0 Fighting
 + Level 3.2 Dodging
 + Level 2.0 Unarmed Combat
 + Level 1.7 Invocations


You couldn't memorise any spells.
You didn't know any spells.
Your spell library was empty.

Inventory:

Scrolls
 b - a scroll of fog

Dungeon Overview and Level Annotations

Branches:
Dungeon (0/15)

Altars:

.. #..## .. ##.#.###
#..####....#.###
##.......#.#..## #
#...##..###.#... #
..#..#..##.....#
#..#.#..#....##
#..##..X.#.###.##.###
#...@.###. #......#
#....#.#....##.#.## #
#.#. ..######.X...# #
.#. ..### ###. ..## #
#.# #. ..X.#.# .. ##.
.....## #.# #... .
..# #.#.# .### .#.#.
.. . # #.#..#


You could see a thrashing horror.


Message History

🤖 Initializing magus.rc ... ✅ Successfully initialized magus.rc [v1.9.10] Welcome, spiderkeys the Felid Abyssal Knight.
Everyone else who sought the Orb of Zot has failed.
Will you be different?
Lugonu says: Depart the Abyss and spread corruption, my servant! (use the ability menu to exit the Abyss) Press ? for a list of commands and other information.
Found a scroll labelled LAUBBA GESITH.
Found a corrupted altar of Lugonu.
a - a scroll labelled LAUBBA GESITH
Found a gateway leading deeper into the Abyss.
Found a gateway leading out of the Abyss.
b - a scroll labelled XAMEANEKKY
There is a gateway leading deeper into the Abyss here.
You plunge deeper into the Abyss.
You now have 17 gold pieces.
The shining eye turns its gaze towards you.
The shining eye gazes at you.
Strange energies course through your body.
You feel stupid.
A large abomination comes into view.
c - a scroll labelled RICLYR WUEKH
As you read the scroll labelled LAUBBA GESITH, it crumbles to dust.
It is a scroll of identify.
b - a scroll of fog
As you read the scroll labelled RICLYR WUEKH, it crumbles to dust.
It is a scroll of enchant armour.
You aren't carrying any armour which can be enchanted further.
There is a fountain of clear blue water here.
A thrashing horror comes into view.
You aren't carrying any potions.
A starcursed mass comes into view.
A starcursed mass splits.
An ancient zyme comes into view.
You feel yourself growing ill in the presence of the ancient zyme.
A tentacled starspawn comes into view.
Tentacles burst from the starspawn's body! 2 starspawn tentacles come into view.
You see here 30 gold pieces.
You feel ill.
You feel ill.
You feel ill.
There is a fountain of clear blue water here.
Found a gateway leading out of the Abyss.
A large abomination comes into view.
You see here 15 sling bullets.
A golden eye comes into view.
A thrashing horror comes into view.
The thrashing horror roars!
You scratch the thrashing horror. The thrashing horror misses you.
The thrashing horror tramples you.
Ouch! That really hurt!
* * * LOW HITPOINT WARNING * * *
You hold your ground! 😨 HP[-5]
You take 5 damage, and now have 5/10 hp.
MASSIVE DAMAGE!! (PAUSE)
The thrashing horror roars!
The thrashing horror tramples you.
* * * LOW HITPOINT WARNING * * *
You stumble backwards! 😱 HP[-3]
You take 3 damage, and now have 2/10 hp.
MASSIVE DAMAGE!! (PAUSE)
The thrashing horror roars!
The thrashing horror misses you.
The thrashing horror closely misses you.
The thrashing horror roars!
The thrashing horror tramples you.
Ouch! That really hurt!
You die...

Action                   || total
-------------------------++-------
Melee: Unarmed           ||     1
  Use: Scroll            ||     2
Dodge: Dodged            ||     3

Levels and vault maps discovered:
Abyss:2:  base:
Temple

Notes
Turn   | Place    | Note
-------+----------+-------------------------------------------
     0 | Abyss:1  | spiderkeys the Felid Abyssal Knight began the quest for the
                  | Orb.
     0 | Abyss:1  | Reached XP level 1. HP: 10/10 MP: 3/3
     0 | Abyss:1  | magus.rc [v1.9.10]
   130 | Abyss:2  | Noticed a shining eye
   132 | Abyss:2  | Gained mutation: You are dopey. (Int -2) [a shining eye]
   140 | Abyss:2  | Noticed a large abomination
   171 | Abyss:2  | Noticed a thrashing horror
   195 | Abyss:2  | Noticed a starcursed mass
   205 | Abyss:2  | Noticed an ancient zyme
   206 | Abyss:2  | Noticed a tentacled starspawn
   273 | Abyss:2  | Noticed a large abomination
   278 | Abyss:2  | Noticed a golden eye
   290 | Abyss:2  | Noticed a thrashing horror
   295 | Abyss:2  | HP: 2/10 [thrashing horror (3)]
   297 | Abyss:2  | Slain by a thrashing horror

Vanquished Creatures (others)
  2 starspawn tentacles (Abyss:2)
2 creatures vanquished.

Table legend:
 A = Non-vault XP
 B = Vault XP
 C = Vault XP percentage of total XP
 D = Non-vault monster count
 E = Vault monster count
 F = Vault count percentage of total count
                 A         B        C        D         E       F
            +---------+---------+-------+---------+---------+-------
      Total |       0 |       0 |   N/A |       0 |       0 |  -nan
            +---------+---------+-------+---------+---------+-------
            +---------+---------+-------+---------+---------+-------

Illustrated notes

Table legend: (Time is in decaauts)
 A = Elapsed time spent in this place.
 B = Non-inter-level travel time spent in this place.
 C = Inter-level travel time spent in this place.
 D = Time resting spent in this place.
 E = Time spent auto-exploring this place.
 F = Levels seen in this place.
 G = Mean time per level.
                   A        B        C        D        E       F      G
               +--------+--------+--------+--------+--------+-----+--------+
         Total |    239 |    239 |      0 |      0 |      7 |   2 |  119.5 |
         Abyss |    239 |    239 |      0 |      0 |      7 |   2 |  119.5 |
               +--------+--------+--------+--------+--------+-----+--------+

Top non-repeatable levels by time:
 Abyss:2: 195 daAuts
 Abyss:1: 43 daAuts
